[ AOE2 MATCH · #469765641 ]
Team RMPersians vs Japanese
[ REPLAY ANALYSIS · EXTRACTED FROM THE RECORDED GAME ]
Feudal
13:49
Castle
17:47
Imperial
33:02
| APM avg | 40.7 |
| APM peak | 78 |
| eAPM avg | 21.7 |
| Villagers / military | 112 / 44 |
Focus
⚔️ 17.3% · 🌾 82.7%
Skirmisher ×11 · Mangonel ×9 · War Elephant ×8 · Trebuchet (Packed) ×6 · Militia ×4 · Camel Scout ×3
Feudal
12:49
Castle
27:00
Imperial
33:15
| APM avg | 27.9 |
| APM peak | 54 |
| eAPM avg | 13.9 |
| Villagers / military | 54 / 34 |
Focus
⚔️ 20.6% · 🌾 79.4%
Archer ×27 · Spearman ×4 · Bombard Cannon ×3
Feudal
9:56
Castle
23:03
Imperial
38:06
| APM avg | 31.7 |
| APM peak | 62 |
| eAPM avg | 14.3 |
| Villagers / military | 117 / 114 |
Focus
⚔️ 32.6% · 🌾 67.4%
Scout Cavalry ×94 · Knight ×14 · Spearman ×3 · Monk ×2 · Militia ×1
Feudal
12:54
Castle
16:37
Imperial
—
| APM avg | 30.9 |
| APM peak | 65 |
| eAPM avg | 15.8 |
| Villagers / military | 148 / 65 |
Focus
⚔️ 23.2% · 🌾 76.8%
Hussite Wagon ×40 · Spearman ×25
Feudal
9:53
Castle
26:49
Imperial
—
| APM avg | 24.0 |
| APM peak | 41 |
| eAPM avg | 12.2 |
| Villagers / military | 117 / 80 |
Focus
⚔️ 18.7% · 🌾 81.3%
Knight ×40 · Scout Cavalry ×40
Feudal
10:42
Castle
21:26
Imperial
—
| APM avg | 52.9 |
| APM peak | 102 |
| eAPM avg | 25.9 |
| Villagers / military | 69 / 46 |
Focus
⚔️ 24.5% · 🌾 75.5%
Militia ×17 · Spearman ×17 · Battering Ram ×7 · Skirmisher ×4 · Mangonel ×1
Feudal
11:12
Castle
25:35
Imperial
—
| APM avg | 20.1 |
| APM peak | 53 |
| eAPM avg | 9.5 |
| Villagers / military | 53 / 29 |
Focus
⚔️ 21.4% · 🌾 78.6%
Spearman ×19 · Hussite Wagon ×6 · Scout Cavalry ×2 · Mangonel ×1 · Battering Ram ×1
Feudal
10:33
Castle
25:48
Imperial
—
| APM avg | 25.8 |
| APM peak | 48 |
| eAPM avg | 11.4 |
| Villagers / military | 66 / 63 |
Focus
⚔️ 29.5% · 🌾 70.5%
Steppe Lancer ×32 · Scout Cavalry ×17 · Knight ×10 · Spearman ×4
Match map
Initial resources + every placement click. Lines = walls · curves = elevation contours. ◆ gold · ⬟ stone · ● berries · ✦ relic · ◌ wall gap
Your base· Open — unwalled flank
ntm.KongDiablo's base· Open — 3t gap
|LS| King-Oblivion's base· Open — 5t gap
NTM.Spectrum.co's base· Open — unwalled flank
Ux'Serenata's base· Open — 7t gap
NTM.W.ALARCON's base· Open — 3t gap
Jaffeth15's base· Open — 3t gap
Ghost546's base· Open — 3t gap
Smoothed initial terrain · ◌ = detected wall gap · hover for details
Inputs per minute
— Biedersauce - - ntm.KongDiablo
Build order — Biedersauce
First 150 of 281 actions detected
| 0:02 | Create | Villager (Male) |
| 0:02 | Create | Villager (Male) |
| 0:03 | Create | Villager (Male) |
| 0:06 | Build | House |
| 0:07 | Build | House |
| 1:01 | Create | Villager (Male) |
| 1:02 | Create | Villager (Male) |
| 1:29 | Create | Villager (Male) |
| 2:04 | Create | Villager (Male) |
| 2:25 | Create | Villager (Male) |
| 3:27 | Build | Lumber Camp |
| 3:31 | Build | House |
| 3:33 | Create | Villager (Male) |
| 3:33 | Create | Villager (Male) |
| 3:48 | Create | Villager (Male) |
| 4:13 | Create | Villager (Male) |
| 4:43 | Create | Villager (Male) |
| 5:25 | Research | Loom |
| 5:26 | Create | Villager (Male) |
| 5:39 | Build | House |
| 6:13 | Build | House |
| 6:18 | Create | Villager (Male) |
| 6:30 | Build | Barracks |
| 6:46 | Create | Villager (Male) |
| 6:53 | Create | Villager (Male) |
| 7:29 | Build | Mill |
| 7:36 | Create | Villager (Male) |
| 7:36 | Create | Villager (Male) |
| 7:43 | Create | Militia |
| 7:43 | Create | Militia |
| 8:04 | Build | Mining Camp |
| 8:25 | Create | Militia |
| 8:27 | Create | Villager (Male) |
| 8:50 | Create | Militia |
| 8:51 | Create | Villager (Male) |
| 9:07 | Create | Villager (Male) |
| 9:27 | Create | Villager (Male) |
| 9:34 | Build | Farm |
| 9:35 | Build | Farm |
| 9:36 | Build | Farm |
| 9:37 | Build | Farm |
| 9:41 | Build | Farm |
| 9:42 | Build | Farm |
| 9:51 | Create | Villager (Male) |
| 10:09 | Create | Villager (Male) |
| 10:37 | Build | Farm |
| 10:38 | Build | Farm |
| 11:16 | Build | Farm |
| 11:17 | Build | Farm |
| 11:20 | Build | Farm |
| 11:21 | Build | Farm |
| 11:45 | Research | Feudal Age |
| 11:45 | Research | Feudal Age |
| 12:07 | Create | Villager (Male) |
| 12:12 | Build | House |
| 12:16 | Build | House |
| 12:32 | Build | House |
| 12:47 | Create | Villager (Male) |
| 13:40 | Build | Palisade Wall |
| 13:42 | Build | Palisade Wall |
| 13:49 | Age | Feudal Age |
| 14:00 | Build | Archery Range |
| 14:10 | Create | Villager (Male) |
| 14:18 | Build | Blacksmith |
| 14:59 | Create | Villager (Male) |
| 15:15 | Research | Castle Age |
| 15:31 | Create | Skirmisher |
| 15:31 | Create | Skirmisher |
| 15:32 | Create | Skirmisher |
| 15:32 | Create | Skirmisher |
| 15:55 | Build | Mining Camp |
| 16:23 | Build | Stable |
| 16:28 | Build | House |
| 16:34 | Create | Villager (Male) |
| 16:35 | Create | Villager (Male) |
| 17:17 | Create | Skirmisher |
| 17:17 | Create | Skirmisher |
| 17:39 | Research | Stone Mining |
| 17:46 | Create | Villager (Male) |
| 17:46 | Create | Villager (Male) |
| 17:47 | Create | Villager (Male) |
| 17:47 | Age | Castle Age |
| 17:57 | Create | Knight |
| 17:58 | Create | Knight |
| 18:10 | Research | Elite Skirmisher (upgrade) |
| 18:10 | Research | Elite Skirmisher (upgrade) |
| 18:48 | Create | Skirmisher |
| 18:48 | Create | Skirmisher |
| 18:51 | Create | Villager (Male) |
| 18:52 | Create | Villager (Male) |
| 19:27 | Build | Farm |
| 20:09 | Build | Castle |
| 20:13 | Create | Skirmisher |
| 20:14 | Create | Skirmisher |
| 20:14 | Create | Skirmisher |
| 20:22 | Create | Villager (Male) |
| 20:22 | Create | Villager (Male) |
| 20:22 | Create | Villager (Male) |
| 20:22 | Create | Villager (Male) |
| 20:22 | Create | Villager (Male) |
| 20:45 | Create | Camel Scout |
| 20:45 | Create | Camel Scout |
| 21:17 | Create | Villager (Male) |
| 21:17 | Create | Villager (Male) |
| 21:25 | Create | Camel Scout |
| 21:40 | Build | Town Center |
| 22:18 | Build | Mining Camp |
| 22:28 | Build | Stone Wall |
| 22:30 | Build | Stone Wall |
| 22:36 | Create | Villager (Male) |
| 22:36 | Create | Villager (Male) |
| 22:36 | Create | Villager (Male) |
| 22:53 | Create | Villager (Male) |
| 22:53 | Create | Villager (Male) |
| 22:54 | Create | Villager (Male) |
| 23:11 | Build | Farm |
| 23:13 | Create | Villager (Male) |
| 23:14 | Create | Villager (Male) |
| 23:27 | Build | Farm |
| 23:45 | Build | Farm |
| 23:46 | Build | Farm |
| 23:46 | Build | Farm |
| 23:46 | Build | Farm |
| 23:46 | Build | Farm |
| 23:57 | Create | Villager (Male) |
| 23:57 | Create | Villager (Male) |
| 23:58 | Create | Villager (Male) |
| 24:17 | Build | Siege Workshop |
| 24:23 | Create | Villager (Male) |
| 24:27 | Create | Villager (Male) |
| 24:27 | Create | Villager (Male) |
| 24:32 | Build | Lumber Camp |
| 24:39 | Create | Villager (Male) |
| 24:39 | Create | Villager (Male) |
| 24:49 | Create | Villager (Male) |
| 24:49 | Create | Villager (Male) |
| 24:57 | Build | Farm |
| 24:57 | Build | Farm |
| 24:57 | Build | Farm |
| 24:57 | Build | Farm |
| 24:57 | Build | Farm |
| 25:02 | Create | Villager (Male) |
| 25:20 | Research | Gold Mining |
| 25:31 | Create | Villager (Male) |
| 25:37 | Build | Farm |
| 25:37 | Build | Farm |
| 25:37 | Build | Farm |
| 25:37 | Build | Farm |
| 25:38 | Build | Farm |
| 25:38 | Build | Farm |
Build order — ntm.KongDiablo
First 150 of 166 actions detected
| 0:02 | Create | Villager (Male) |
| 0:02 | Create | Villager (Male) |
| 0:04 | Build | House |
| 0:14 | Create | Villager (Male) |
| 0:15 | Create | Villager (Male) |
| 0:35 | Build | House |
| 1:15 | Build | Mill |
| 1:55 | Create | Villager (Male) |
| 2:37 | Create | Villager (Male) |
| 2:50 | Create | Villager (Male) |
| 3:03 | Research | Loom |
| 3:39 | Create | Villager (Male) |
| 4:10 | Create | Villager (Male) |
| 4:37 | Create | Villager (Male) |
| 5:06 | Build | House |
| 5:09 | Create | Villager (Male) |
| 5:22 | Create | Villager (Male) |
| 5:23 | Create | Villager (Male) |
| 5:43 | Create | Villager (Male) |
| 6:15 | Create | Villager (Male) |
| 6:30 | Build | Lumber Camp |
| 6:54 | Build | House |
| 7:24 | Create | Villager (Male) |
| 7:50 | Create | Villager (Male) |
| 8:08 | Build | Mill |
| 8:20 | Create | Villager (Male) |
| 9:09 | Create | Villager (Male) |
| 9:31 | Build | House |
| 10:17 | Build | Barracks |
| 10:39 | Research | Feudal Age |
| 10:52 | Build | House |
| 10:57 | Create | Villager (Male) |
| 10:57 | Create | Villager (Male) |
| 10:58 | Create | Villager (Male) |
| 10:58 | Create | Villager (Male) |
| 10:58 | Create | Villager (Male) |
| 11:02 | Build | House |
| 11:41 | Build | Mining Camp |
| 12:04 | Build | Palisade Wall |
| 12:49 | Age | Feudal Age |
| 12:52 | Build | Archery Range |
| 13:02 | Create | Spearman |
| 13:02 | Create | Spearman |
| 13:02 | Create | Spearman |
| 13:15 | Build | Archery Range |
| 13:30 | Research | Double-Bit Axe |
| 13:39 | Create | Spearman |
| 13:53 | Create | Archer |
| 13:54 | Create | Archer |
| 14:45 | Build | Farm |
| 15:07 | Build | Farm |
| 15:08 | Build | Farm |
| 15:09 | Create | Villager (Male) |
| 15:15 | Create | Archer |
| 15:39 | Build | Farm |
| 15:42 | Create | Villager (Male) |
| 15:45 | Build | Farm |
| 16:07 | Create | Archer |
| 16:18 | Build | Blacksmith |
| 16:25 | Build | Palisade Wall |
| 16:32 | Create | Villager (Male) |
| 16:32 | Create | Villager (Male) |
| 16:40 | Build | House |
| 17:15 | Research | Fletching |
| 17:20 | Create | Villager (Male) |
| 17:23 | Build | Farm |
| 17:41 | Build | Farm |
| 17:42 | Create | Villager (Male) |
| 17:58 | Create | Archer |
| 17:58 | Create | Archer |
| 18:11 | Build | Farm |
| 18:12 | Create | Villager (Male) |
| 18:15 | Research | Horse Collar |
| 18:20 | Build | House |
| 18:31 | Create | Archer |
| 18:40 | Build | House |
| 19:02 | Build | Farm |
| 19:05 | Build | Farm |
| 19:06 | Create | Villager (Male) |
| 19:42 | Create | Villager (Male) |
| 19:42 | Create | Villager (Male) |
| 19:47 | Research | Gold Mining |
| 20:11 | Build | Farm |
| 20:11 | Create | Villager (Male) |
| 21:05 | Create | Villager (Male) |
| 21:06 | Create | Villager (Male) |
| 21:15 | Build | Market |
| 21:22 | Build | Archery Range |
| 22:15 | Create | Villager (Male) |
| 22:33 | Create | Villager (Male) |
| 22:47 | Build | House |
| 22:48 | Build | House |
| 23:20 | Build | Mining Camp |
| 23:45 | Create | Villager (Male) |
| 24:20 | Research | Castle Age |
| 24:22 | Create | Archer |
| 24:23 | Create | Archer |
| 24:23 | Create | Archer |
| 24:23 | Create | Archer |
| 24:31 | Build | Mining Camp |
| 25:23 | Create | Archer |
| 25:24 | Create | Archer |
| 25:24 | Create | Archer |
| 25:24 | Create | Archer |
| 25:24 | Create | Archer |
| 25:25 | Create | Archer |
| 25:25 | Create | Archer |
| 25:29 | Research | Padded Archer Armor |
| 25:41 | Build | House |
| 25:55 | Build | House |
| 26:38 | Build | House |
| 26:39 | Build | House |
| 26:45 | Build | House |
| 26:58 | Create | Villager (Male) |
| 27:00 | Age | Castle Age |
| 27:04 | Build | University |
| 27:09 | Build | Monastery |
| 27:13 | Create | Villager (Male) |
| 27:18 | Research | Bodkin Arrow |
| 27:47 | Build | Stone Wall |
| 27:52 | Build | Gate |
| 27:57 | Research | Crossbowman (upgrade) |
| 28:04 | Create | Villager (Male) |
| 28:05 | Create | Villager (Male) |
| 28:13 | Build | Farm |
| 28:14 | Build | Farm |
| 28:15 | Build | Farm |
| 28:31 | Build | Stone Wall |
| 28:44 | Build | Farm |
| 28:52 | Create | Villager (Male) |
| 28:57 | Build | Farm |
| 29:32 | Build | Farm |
| 29:46 | Build | Farm |
| 30:05 | Research | Imperial Age |
| 30:41 | Build | Town Center |
| 31:25 | Create | Villager (Male) |
| 31:25 | Create | Villager (Male) |
| 31:26 | Create | Villager (Male) |
| 31:54 | Research | Bodkin Arrow |
| 32:05 | Build | Siege Workshop |
| 32:10 | Create | Villager (Male) |
| 32:10 | Create | Villager (Male) |
| 32:10 | Create | Villager (Male) |
| 32:54 | Research | Town Watch |
| 32:59 | Create | Villager (Male) |
| 33:15 | Age | Imperial Age |
| 33:21 | Research | Chemistry |
| 33:25 | Create | Archer |
| 33:25 | Create | Archer |
| 33:25 | Create | Archer |
Build order — |LS| King-Oblivion
First 150 of 368 actions detected
| 0:01 | Create | Villager (Male) |
| 0:02 | Create | Villager (Male) |
| 0:02 | Create | Villager (Male) |
| 0:02 | Create | Villager (Male) |
| 0:04 | Build | House |
| 0:06 | Build | House |
| 1:43 | Create | Villager (Male) |
| 1:43 | Create | Villager (Male) |
| 2:12 | Build | Lumber Camp |
| 2:17 | Create | Villager (Male) |
| 2:18 | Create | Villager (Male) |
| 3:05 | Create | Villager (Male) |
| 3:06 | Create | Villager (Male) |
| 3:37 | Build | House |
| 4:12 | Create | Villager (Male) |
| 4:13 | Create | Villager (Male) |
| 4:13 | Create | Villager (Male) |
| 4:16 | Build | Mill |
| 5:22 | Create | Villager (Male) |
| 5:23 | Create | Villager (Male) |
| 6:12 | Build | House |
| 6:13 | Build | House |
| 6:20 | Create | Villager (Male) |
| 6:44 | Research | Loom |
| 7:21 | Create | Villager (Male) |
| 7:35 | Research | Feudal Age |
| 8:11 | Build | Barracks |
| 9:53 | Create | Villager (Male) |
| 9:53 | Create | Villager (Male) |
| 9:56 | Age | Feudal Age |
| 9:58 | Build | Stable |
| 10:32 | Research | Double-Bit Axe |
| 10:33 | Research | Horse Collar |
| 10:38 | Create | Scout Cavalry |
| 10:43 | Create | Villager (Male) |
| 10:59 | Create | Spearman |
| 11:02 | Create | Scout Cavalry |
| 11:11 | Create | Scout Cavalry |
| 11:12 | Create | Villager (Male) |
| 11:24 | Build | House |
| 11:32 | Create | Villager (Male) |
| 11:38 | Build | Farm |
| 11:40 | Build | Farm |
| 11:43 | Build | Farm |
| 11:52 | Create | Villager (Male) |
| 11:54 | Create | Scout Cavalry |
| 12:01 | Build | House |
| 12:24 | Create | Villager (Male) |
| 12:29 | Build | Farm |
| 12:30 | Build | Farm |
| 12:35 | Create | Scout Cavalry |
| 12:37 | Create | Villager (Male) |
| 13:03 | Create | Scout Cavalry |
| 13:23 | Create | Villager (Male) |
| 13:26 | Build | Farm |
| 13:27 | Build | Farm |
| 13:29 | Build | Farm |
| 13:32 | Create | Spearman |
| 13:35 | Create | Villager (Male) |
| 13:44 | Build | Stable |
| 13:46 | Build | House |
| 13:53 | Build | Farm |
| 14:13 | Create | Scout Cavalry |
| 14:16 | Create | Villager (Male) |
| 14:43 | Create | Villager (Male) |
| 14:49 | Build | Farm |
| 14:52 | Build | Farm |
| 14:53 | Create | Militia |
| 14:54 | Create | Spearman |
| 15:02 | Build | Farm |
| 15:07 | Build | Farm |
| 15:09 | Build | Farm |
| 15:16 | Create | Villager (Male) |
| 15:33 | Create | Scout Cavalry |
| 15:39 | Build | Blacksmith |
| 15:41 | Build | House |
| 15:43 | Build | Palisade Wall |
| 15:46 | Create | Villager (Male) |
| 15:51 | Build | Farm |
| 15:54 | Build | Farm |
| 15:57 | Build | Farm |
| 16:01 | Build | House |
| 16:07 | Create | Villager (Male) |
| 16:07 | Create | Villager (Male) |
| 16:11 | Build | Farm |
| 16:13 | Create | Scout Cavalry |
| 16:22 | Create | Villager (Male) |
| 16:32 | Build | Farm |
| 16:40 | Build | Farm |
| 17:37 | Create | Scout Cavalry |
| 17:37 | Create | Scout Cavalry |
| 17:42 | Research | Forging |
| 17:44 | Create | Villager (Male) |
| 17:45 | Create | Villager (Male) |
| 17:47 | Build | Mining Camp |
| 17:53 | Build | Farm |
| 17:57 | Build | Farm |
| 18:00 | Build | Farm |
| 18:26 | Build | Market |
| 18:34 | Build | Palisade Wall |
| 18:38 | Build | Palisade Wall |
| 18:43 | Research | Wheelbarrow |
| 19:05 | Research | Scale Barding Armor |
| 19:21 | Create | Villager (Male) |
| 20:19 | Research | Castle Age |
| 21:25 | Build | Mining Camp |
| 21:26 | Research | Gold Mining |
| 21:30 | Research | Bloodlines |
| 22:10 | Build | Stable |
| 22:27 | Build | Palisade Gate |
| 22:50 | Research | Stone Mining |
| 23:03 | Age | Castle Age |
| 23:12 | Research | Husbandry |
| 23:23 | Build | Town Center |
| 23:35 | Research | Heavy Plow |
| 23:36 | Research | Bow Saw |
| 23:39 | Create | Villager (Male) |
| 23:45 | Create | Knight |
| 23:45 | Create | Knight |
| 23:46 | Create | Knight |
| 23:48 | Research | Light Cavalry (upgrade) |
| 23:49 | Create | Scout Cavalry |
| 23:49 | Create | Scout Cavalry |
| 23:50 | Create | Scout Cavalry |
| 23:50 | Create | Scout Cavalry |
| 24:25 | Build | Town Center |
| 24:32 | Create | Villager (Male) |
| 24:33 | Create | Villager (Male) |
| 24:34 | Create | Villager (Male) |
| 24:34 | Create | Villager (Male) |
| 24:48 | Create | Scout Cavalry |
| 24:48 | Create | Scout Cavalry |
| 24:52 | Build | Town Center |
| 25:12 | Build | Lumber Camp |
| 25:15 | Create | Villager (Male) |
| 25:17 | Create | Villager (Male) |
| 25:17 | Create | Villager (Male) |
| 25:24 | Create | Scout Cavalry |
| 25:25 | Create | Scout Cavalry |
| 25:46 | Research | Town Watch |
| 25:55 | Create | Knight |
| 25:55 | Create | Knight |
| 25:55 | Create | Knight |
| 26:06 | Build | Farm |
| 26:07 | Build | Farm |
| 26:15 | Create | Scout Cavalry |
| 26:16 | Create | Scout Cavalry |
| 26:18 | Create | Villager (Male) |
| 26:36 | Build | Farm |
| 26:39 | Build | Farm |
Build order — NTM.Spectrum.co
First 150 of 292 actions detected
| 0:01 | Create | Villager (Male) |
| 0:01 | Create | Villager (Male) |
| 0:01 | Create | Villager (Male) |
| 0:01 | Create | Villager (Male) |
| 0:01 | Create | Villager (Male) |
| 0:01 | Create | Villager (Male) |
| 0:01 | Create | Villager (Male) |
| 0:01 | Create | Villager (Male) |
| 0:04 | Build | House |
| 0:07 | Build | House |
| 1:42 | Create | Villager (Male) |
| 1:42 | Create | Villager (Male) |
| 1:42 | Create | Villager (Male) |
| 1:42 | Create | Villager (Male) |
| 1:42 | Create | Villager (Male) |
| 1:42 | Create | Villager (Male) |
| 1:46 | Build | Lumber Camp |
| 1:57 | Create | Villager (Male) |
| 1:57 | Create | Villager (Male) |
| 2:26 | Create | Villager (Male) |
| 2:26 | Create | Villager (Male) |
| 2:26 | Create | Villager (Male) |
| 2:26 | Create | Villager (Male) |
| 2:44 | Create | Villager (Male) |
| 2:44 | Create | Villager (Male) |
| 2:44 | Create | Villager (Male) |
| 2:44 | Create | Villager (Male) |
| 3:06 | Build | House |
| 3:08 | Build | House |
| 3:18 | Create | Villager (Male) |
| 3:18 | Create | Villager (Male) |
| 3:18 | Create | Villager (Male) |
| 3:18 | Create | Villager (Male) |
| 3:42 | Create | Villager (Male) |
| 3:42 | Create | Villager (Male) |
| 3:42 | Create | Villager (Male) |
| 3:50 | Build | House |
| 4:38 | Build | Mill |
| 4:53 | Create | Villager (Male) |
| 4:53 | Create | Villager (Male) |
| 4:53 | Create | Villager (Male) |
| 4:54 | Create | Villager (Male) |
| 4:56 | Create | Villager (Male) |
| 4:56 | Create | Villager (Male) |
| 4:56 | Create | Villager (Male) |
| 4:56 | Create | Villager (Male) |
| 4:56 | Create | Villager (Male) |
| 4:57 | Create | Villager (Male) |
| 4:57 | Create | Villager (Male) |
| 4:57 | Create | Villager (Male) |
| 4:57 | Create | Villager (Male) |
| 5:05 | Create | Villager (Male) |
| 5:05 | Create | Villager (Male) |
| 5:06 | Create | Villager (Male) |
| 5:39 | Create | Villager (Male) |
| 5:39 | Create | Villager (Male) |
| 5:39 | Create | Villager (Male) |
| 5:39 | Create | Villager (Male) |
| 5:39 | Create | Villager (Male) |
| 6:14 | Create | Villager (Male) |
| 6:14 | Create | Villager (Male) |
| 6:14 | Create | Villager (Male) |
| 6:14 | Create | Villager (Male) |
| 6:14 | Create | Villager (Male) |
| 6:14 | Create | Villager (Male) |
| 6:14 | Create | Villager (Male) |
| 7:00 | Create | Villager (Male) |
| 7:24 | Create | Villager (Male) |
| 7:28 | Build | Mining Camp |
| 8:09 | Create | Villager (Male) |
| 8:13 | Create | Villager (Male) |
| 8:14 | Create | Villager (Male) |
| 8:17 | Build | Mining Camp |
| 8:48 | Build | House |
| 9:29 | Research | Feudal Age |
| 9:33 | Research | Loom |
| 9:34 | Research | Feudal Age |
| 10:38 | Build | Farm |
| 10:42 | Build | Farm |
| 10:56 | Build | Farm |
| 11:02 | Build | Farm |
| 11:10 | Build | Farm |
| 11:15 | Create | Villager (Male) |
| 11:15 | Create | Villager (Male) |
| 12:38 | Build | Farm |
| 12:41 | Build | Farm |
| 12:54 | Age | Feudal Age |
| 12:57 | Build | Market |
| 12:59 | Build | Blacksmith |
| 13:51 | Build | Farm |
| 13:53 | Build | Farm |
| 13:57 | Research | Castle Age |
| 14:12 | Build | Mining Camp |
| 15:43 | Build | House |
| 15:48 | Build | House |
| 16:04 | Build | House |
| 16:08 | Build | Stone Wall |
| 16:37 | Age | Castle Age |
| 17:01 | Build | Castle |
| 17:08 | Build | Lumber Camp |
| 17:45 | Create | Villager (Male) |
| 17:45 | Create | Villager (Male) |
| 17:55 | Create | Villager (Male) |
| 17:55 | Create | Villager (Male) |
| 18:50 | Build | Castle |
| 18:55 | Create | Villager (Male) |
| 18:57 | Create | Hussite Wagon |
| 19:20 | Create | Villager (Male) |
| 19:20 | Create | Villager (Male) |
| 19:27 | Create | Villager (Male) |
| 19:27 | Create | Villager (Male) |
| 19:28 | Create | Villager (Male) |
| 19:44 | Create | Hussite Wagon |
| 19:45 | Create | Hussite Wagon |
| 19:45 | Create | Hussite Wagon |
| 19:46 | Create | Villager (Male) |
| 19:46 | Create | Villager (Male) |
| 19:46 | Create | Villager (Male) |
| 19:46 | Create | Villager (Male) |
| 19:46 | Create | Villager (Male) |
| 20:11 | Build | Mining Camp |
| 20:16 | Build | Stone Wall |
| 21:58 | Create | Hussite Wagon |
| 21:59 | Create | Hussite Wagon |
| 22:52 | Create | Villager (Male) |
| 22:52 | Create | Villager (Male) |
| 22:52 | Create | Villager (Male) |
| 22:52 | Create | Villager (Male) |
| 23:18 | Create | Villager (Male) |
| 23:18 | Create | Villager (Male) |
| 23:18 | Create | Villager (Male) |
| 23:18 | Create | Villager (Male) |
| 23:18 | Create | Villager (Male) |
| 23:26 | Build | Farm |
| 23:42 | Create | Hussite Wagon |
| 23:42 | Create | Hussite Wagon |
| 23:43 | Create | Hussite Wagon |
| 23:54 | Create | Hussite Wagon |
| 24:00 | Create | Villager (Male) |
| 24:00 | Create | Villager (Male) |
| 24:00 | Create | Villager (Male) |
| 24:00 | Create | Villager (Male) |
| 24:08 | Build | House |
| 24:14 | Build | House |
| 24:20 | Build | House |
| 24:23 | Build | Stone Wall |
| 24:26 | Build | Stone Wall |
| 24:35 | Create | Villager (Male) |
| 24:35 | Create | Villager (Male) |
| 24:35 | Create | Villager (Male) |
Build order — Ux'Serenata
First 150 of 223 actions detected
| 0:02 | Create | Villager (Male) ×4 |
| 0:04 | Build | House |
| 0:06 | Build | House |
| 1:40 | Create | Villager (Male) |
| 1:50 | Build | Lumber Camp |
| 2:13 | Create | Villager (Male) |
| 2:41 | Create | Villager (Male) |
| 2:41 | Create | Villager (Male) |
| 3:06 | Create | Villager (Male) |
| 3:07 | Create | Villager (Male) |
| 3:07 | Create | Villager (Male) |
| 3:31 | Build | House |
| 3:58 | Create | Villager (Male) |
| 3:59 | Create | Villager (Male) |
| 4:34 | Create | Villager (Male) |
| 4:42 | Build | House |
| 5:04 | Build | Mill |
| 5:38 | Create | Villager (Male) |
| 5:38 | Create | Villager (Male) |
| 5:40 | Create | Villager (Male) |
| 6:28 | Create | Villager (Male) |
| 7:09 | Create | Villager (Male) |
| 7:21 | Build | Barracks |
| 7:43 | Research | Feudal Age |
| 8:06 | Build | Lumber Camp |
| 9:10 | Build | House |
| 9:12 | Build | House |
| 9:48 | Create | Villager (Male) |
| 9:48 | Create | Villager (Male) |
| 9:53 | Age | Feudal Age |
| 9:57 | Build | Stable |
| 10:07 | Research | Double-Bit Axe |
| 10:59 | Create | Scout Cavalry |
| 10:59 | Create | Scout Cavalry |
| 11:03 | Build | Blacksmith |
| 11:10 | Create | Villager (Male) |
| 11:11 | Create | Villager (Male) |
| 11:14 | Build | Farm |
| 11:15 | Build | Farm |
| 11:39 | Build | Stable |
| 11:44 | Build | Farm |
| 11:50 | Create | Villager (Male) |
| 12:03 | Research | Scale Barding Armor |
| 12:09 | Build | Farm |
| 12:23 | Build | Farm |
| 12:24 | Create | Villager (Male) |
| 12:29 | Build | Farm |
| 12:31 | Build | Farm |
| 13:27 | Build | Farm |
| 13:27 | Create | Villager (Male) |
| 13:28 | Create | Villager (Male) |
| 13:32 | Create | Scout Cavalry |
| 13:52 | Create | Villager (Male) |
| 13:55 | Build | Farm |
| 14:04 | Create | Scout Cavalry |
| 14:27 | Build | Farm |
| 14:28 | Create | Villager (Male) |
| 14:35 | Build | Farm |
| 14:36 | Build | Farm |
| 14:40 | Build | Farm |
| 14:41 | Build | Farm |
| 14:43 | Create | Scout Cavalry |
| 14:52 | Build | Farm |
| 14:59 | Create | Scout Cavalry |
| 15:11 | Create | Villager (Male) |
| 16:12 | Build | Farm |
| 16:12 | Build | Farm |
| 16:13 | Create | Villager (Male) |
| 16:14 | Create | Villager (Male) |
| 16:15 | Create | Scout Cavalry ×3 |
| 16:26 | Create | Scout Cavalry |
| 16:28 | Create | Villager (Male) |
| 16:44 | Create | Scout Cavalry |
| 16:53 | Build | Farm |
| 17:14 | Build | Farm |
| 17:15 | Create | Villager (Male) |
| 17:18 | Create | Scout Cavalry ×2 |
| 17:31 | Create | Villager (Male) |
| 18:20 | Build | Farm |
| 18:21 | Build | Farm |
| 18:22 | Create | Villager (Male) ×5 |
| 18:24 | Create | Scout Cavalry ×2 |
| 18:24 | Create | Scout Cavalry |
| 18:42 | Build | Farm |
| 18:44 | Build | Mill |
| 18:45 | Create | Villager (Male) |
| 18:47 | Create | Scout Cavalry |
| 19:05 | Create | Scout Cavalry ×2 |
| 19:13 | Build | Farm |
| 19:19 | Create | Scout Cavalry |
| 19:34 | Build | House |
| 19:35 | Build | House |
| 19:36 | Build | House |
| 19:37 | Build | House |
| 19:40 | Build | Farm |
| 20:07 | Create | Scout Cavalry ×5 |
| 20:19 | Create | Scout Cavalry ×2 |
| 21:39 | Create | Villager (Male) |
| 21:40 | Create | Villager (Male) |
| 21:40 | Create | Villager (Male) |
| 21:41 | Create | Scout Cavalry ×5 |
| 21:41 | Create | Scout Cavalry |
| 21:43 | Build | Farm |
| 21:44 | Build | Farm |
| 21:46 | Build | House |
| 21:47 | Build | House |
| 21:48 | Build | House |
| 21:50 | Build | Mill |
| 21:51 | Build | Farm |
| 21:51 | Build | Farm |
| 21:52 | Build | Farm |
| 21:52 | Build | Farm |
| 21:55 | Create | Scout Cavalry |
| 21:56 | Create | Scout Cavalry |
| 22:25 | Create | Villager (Male) |
| 23:01 | Build | Market |
| 24:03 | Build | House |
| 24:09 | Research | Castle Age |
| 25:16 | Build | Mining Camp |
| 25:19 | Build | House |
| 25:20 | Build | House |
| 25:21 | Build | House |
| 25:23 | Build | House |
| 25:25 | Build | House |
| 26:49 | Age | Castle Age |
| 26:59 | Research | Bloodlines |
| 27:12 | Create | Knight ×5 |
| 27:22 | Build | Town Center |
| 27:27 | Build | Town Center |
| 27:30 | Create | Villager (Male) ×5 |
| 27:33 | Create | Villager (Male) ×5 |
| 27:43 | Research | Bow Saw |
| 27:45 | Research | Horse Collar |
| 28:18 | Research | Chain Barding Armor |
| 28:50 | Create | Knight ×2 |
| 28:53 | Create | Villager (Male) ×5 |
| 29:30 | Create | Villager (Male) ×5 |
| 29:32 | Create | Villager (Male) ×5 |
| 29:39 | Create | Knight |
| 29:54 | Create | Villager (Male) |
| 29:55 | Create | Villager (Male) |
| 29:56 | Create | Villager (Male) |
| 30:30 | Create | Scout Cavalry ×5 |
| 30:51 | Create | Knight ×2 |
| 31:18 | Research | Husbandry |
| 31:22 | Create | Villager (Male) |
| 31:22 | Create | Villager (Male) |
| 31:24 | Research | Wheelbarrow |
| 31:26 | Create | Villager (Male) ×5 |
| 31:31 | Build | Farm |
Build order — NTM.W.ALARCON
First 150 of 208 actions detected
| 0:01 | Create | Villager (Male) |
| 0:02 | Create | Villager (Male) |
| 0:02 | Create | Villager (Male) |
| 0:03 | Build | House |
| 0:11 | Build | House |
| 0:19 | Create | Villager (Male) |
| 1:26 | Create | Villager (Male) |
| 2:06 | Build | Lumber Camp |
| 2:14 | Create | Villager (Male) |
| 2:21 | Create | Villager (Male) |
| 3:07 | Create | Villager (Male) |
| 3:07 | Create | Villager (Male) |
| 3:27 | Build | House |
| 3:30 | Build | House |
| 3:31 | Create | Villager (Male) |
| 4:14 | Build | Mill |
| 4:17 | Create | Villager (Male) |
| 4:43 | Create | Villager (Male) |
| 5:11 | Create | Villager (Male) |
| 5:40 | Create | Villager (Male) |
| 5:59 | Create | Villager (Male) |
| 6:18 | Build | Mining Camp |
| 6:24 | Create | Villager (Male) |
| 6:49 | Build | Barracks |
| 6:54 | Create | Villager (Male) |
| 6:54 | Research | Loom |
| 7:42 | Build | House |
| 8:07 | Create | Villager (Male) |
| 8:32 | Research | Feudal Age |
| 9:15 | Create | Militia |
| 9:16 | Create | Militia |
| 9:16 | Create | Militia |
| 9:29 | Create | Villager (Male) |
| 10:42 | Age | Feudal Age |
| 11:00 | Create | Militia |
| 11:00 | Create | Militia |
| 11:07 | Create | Villager (Male) |
| 11:15 | Build | Farm |
| 11:15 | Build | Farm |
| 11:15 | Build | Farm |
| 11:16 | Build | Farm |
| 11:18 | Research | Double-Bit Axe |
| 11:27 | Research | Arson |
| 11:32 | Research | Man-at-Arms (upgrade) |
| 11:38 | Research | Arson |
| 12:04 | Build | Archery Range |
| 12:11 | Research | Horse Collar |
| 12:26 | Build | Palisade Wall |
| 12:45 | Create | Villager (Male) |
| 13:20 | Create | Villager (Male) |
| 13:37 | Create | Villager (Male) |
| 13:40 | Create | Villager (Male) |
| 13:43 | Build | Farm |
| 13:44 | Build | Farm |
| 13:44 | Build | Farm |
| 13:44 | Build | Farm |
| 13:48 | Create | Skirmisher |
| 13:48 | Create | Skirmisher |
| 13:55 | Create | Skirmisher |
| 13:55 | Create | Skirmisher |
| 14:26 | Create | Villager (Male) |
| 14:30 | Build | House |
| 14:35 | Create | Villager (Male) |
| 14:41 | Research | Town Watch |
| 14:42 | Create | Villager (Male) |
| 14:55 | Create | Militia |
| 14:55 | Create | Militia |
| 15:08 | Build | Farm |
| 15:08 | Build | Farm |
| 15:09 | Build | Farm |
| 15:37 | Create | Villager (Male) |
| 15:46 | Create | Villager (Male) |
| 15:55 | Build | Blacksmith |
| 16:05 | Create | Villager (Male) |
| 16:11 | Build | House |
| 16:14 | Build | House |
| 16:19 | Build | House |
| 16:22 | Create | Villager (Male) |
| 16:27 | Build | Market |
| 16:32 | Build | House |
| 16:53 | Create | Villager (Male) |
| 16:55 | Create | Villager (Male) |
| 16:59 | Build | Farm |
| 16:59 | Build | Farm |
| 17:00 | Build | Farm |
| 17:05 | Build | Lumber Camp |
| 17:52 | Create | Villager (Male) |
| 17:56 | Create | Militia |
| 18:10 | Build | Farm |
| 18:10 | Build | Farm |
| 18:23 | Create | Spearman |
| 18:23 | Create | Spearman |
| 18:35 | Build | Farm |
| 18:46 | Research | Castle Age |
| 18:47 | Research | Castle Age |
| 19:31 | Build | House |
| 19:42 | Create | Villager (Male) |
| 19:47 | Research | Gold Mining |
| 20:02 | Build | Palisade Wall |
| 20:20 | Build | House |
| 20:24 | Build | Palisade Wall |
| 20:37 | Create | Villager (Male) |
| 21:19 | Research | Scale Mail Armor |
| 21:26 | Age | Castle Age |
| 21:33 | Research | Forging |
| 21:37 | Create | Villager (Male) |
| 21:40 | Create | Villager (Male) |
| 21:45 | Build | Town Center |
| 21:51 | Create | Villager (Male) |
| 22:05 | Build | Siege Workshop |
| 22:15 | Research | Pikeman (upgrade) |
| 22:16 | Create | Spearman |
| 22:17 | Create | Villager (Male) |
| 22:23 | Build | House |
| 22:38 | Build | House |
| 22:47 | Build | House |
| 22:49 | Build | House |
| 23:08 | Create | Battering Ram |
| 23:08 | Create | Battering Ram |
| 23:08 | Create | Battering Ram |
| 23:13 | Research | Long Swordsman (upgrade) |
| 23:23 | Create | Villager (Male) |
| 23:35 | Create | Villager (Male) |
| 23:41 | Create | Militia |
| 23:41 | Create | Militia |
| 24:11 | Create | Villager (Male) |
| 24:19 | Create | Villager (Male) |
| 24:53 | Create | Villager (Male) |
| 25:31 | Create | Battering Ram |
| 25:31 | Create | Battering Ram |
| 25:41 | Create | Militia |
| 25:41 | Create | Militia |
| 25:41 | Create | Militia |
| 25:41 | Create | Militia |
| 25:42 | Create | Militia |
| 26:36 | Create | Villager (Male) |
| 26:46 | Create | Villager (Male) |
| 26:52 | Create | Villager (Male) |
| 26:56 | Create | Spearman |
| 26:57 | Create | Militia |
| 27:24 | Create | Battering Ram |
| 27:24 | Create | Battering Ram |
| 27:26 | Create | Villager (Male) |
| 27:31 | Create | Villager (Male) |
| 27:31 | Create | Villager (Male) |
| 27:48 | Create | Villager (Male) |
| 28:25 | Build | Farm |
| 28:26 | Build | Farm |
| 28:26 | Build | Farm |
| 28:26 | Build | Farm |
Build order — Jaffeth15
139 actions detected in the replay
| 0:06 | Build | House |
| 0:08 | Create | Villager (Male) ×4 |
| 1:38 | Create | Villager (Male) |
| 2:09 | Build | House |
| 2:15 | Build | House |
| 2:16 | Build | House |
| 2:17 | Build | House |
| 2:26 | Create | Villager (Male) |
| 2:45 | Create | Villager (Male) |
| 2:47 | Create | Villager (Male) |
| 2:47 | Create | Villager (Male) |
| 3:29 | Build | Lumber Camp |
| 3:33 | Create | Villager (Male) ×2 |
| 4:32 | Create | Villager (Male) |
| 4:32 | Create | Villager (Male) |
| 4:48 | Build | Mill |
| 4:56 | Create | Villager (Male) |
| 5:29 | Create | Villager (Male) ×2 |
| 5:58 | Research | Loom |
| 6:30 | Create | Villager (Male) |
| 6:31 | Create | Villager (Male) |
| 7:04 | Create | Villager (Male) |
| 8:09 | Build | House |
| 8:13 | Build | Barracks |
| 8:33 | Build | Lumber Camp |
| 9:02 | Research | Feudal Age |
| 10:13 | Build | House |
| 10:20 | Build | Palisade Wall |
| 10:29 | Build | Farm |
| 10:30 | Build | Farm |
| 10:51 | Build | Farm |
| 10:52 | Build | Farm |
| 11:12 | Age | Feudal Age |
| 11:16 | Build | Gate |
| 11:29 | Build | Archery Range |
| 11:33 | Create | Villager (Male) ×5 |
| 11:49 | Build | Watch Tower |
| 11:59 | Research | Wheelbarrow |
| 12:16 | Build | Market |
| 13:06 | Build | Blacksmith |
| 13:35 | Research | Fletching |
| 13:47 | Build | Palisade Gate |
| 14:17 | Create | Spearman |
| 14:58 | Build | Watch Tower |
| 15:54 | Build | Mining Camp |
| 15:59 | Create | Spearman |
| 16:32 | Create | Villager (Male) ×3 |
| 17:27 | Build | Farm |
| 17:27 | Build | Farm |
| 17:28 | Build | Farm |
| 17:28 | Build | Farm |
| 17:52 | Build | Watch Tower |
| 18:00 | Create | Villager (Male) |
| 18:01 | Create | Villager (Male) |
| 18:19 | Build | House |
| 18:21 | Build | House |
| 18:55 | Build | House |
| 18:56 | Build | House |
| 19:11 | Create | Villager (Male) |
| 19:12 | Create | Villager (Male) |
| 19:12 | Create | Villager (Male) |
| 19:28 | Build | Farm |
| 19:28 | Build | Farm |
| 19:28 | Build | Farm |
| 19:29 | Build | Farm |
| 19:58 | Build | Watch Tower |
| 20:03 | Build | Farm |
| 20:04 | Build | Farm |
| 20:13 | Create | Villager (Male) |
| 20:13 | Create | Villager (Male) |
| 20:40 | Build | Mining Camp |
| 21:02 | Build | Watch Tower |
| 21:28 | Create | Villager (Male) |
| 21:28 | Create | Villager (Male) |
| 21:58 | Build | Watch Tower |
| 22:07 | Build | Farm |
| 22:07 | Build | Farm |
| 22:08 | Build | Farm |
| 22:14 | Create | Villager (Male) |
| 22:55 | Research | Castle Age |
| 23:37 | Build | Stable |
| 23:59 | Research | Double-Bit Axe |
| 24:36 | Create | Scout Cavalry |
| 24:50 | Research | Horse Collar |
| 25:00 | Create | Scout Cavalry |
| 25:35 | Age | Castle Age |
| 26:17 | Build | Castle |
| 26:40 | Create | Villager (Male) ×2 |
| 28:04 | Create | Hussite Wagon |
| 28:30 | Create | Hussite Wagon |
| 29:07 | Build | Siege Workshop |
| 29:41 | Create | Battering Ram |
| 30:00 | Build | Stone Wall |
| 30:12 | Create | Hussite Wagon |
| 30:47 | Create | Villager (Male) ×2 |
| 30:57 | Build | Lumber Camp |
| 31:32 | Build | Gate |
| 31:37 | Build | House |
| 31:57 | Create | Hussite Wagon |
| 32:21 | Create | Hussite Wagon |
| 32:26 | Build | Mining Camp |
| 32:31 | Research | Town Watch |
| 32:32 | Create | Villager (Male) ×2 |
| 33:11 | Build | House |
| 33:12 | Build | House |
| 33:14 | Build | House |
| 33:30 | Create | Mangonel |
| 33:41 | Create | Villager (Male) |
| 33:41 | Create | Villager (Male) |
| 34:28 | Build | Gate |
| 34:41 | Research | Pikeman (upgrade) |
| 35:07 | Create | Spearman |
| 35:08 | Create | Spearman |
| 35:40 | Create | Hussite Wagon |
| 35:46 | Create | Spearman |
| 35:46 | Create | Spearman |
| 36:20 | Build | Barracks |
| 36:20 | Build | Barracks |
| 36:25 | Create | Villager (Male) ×5 |
| 36:34 | Build | Farm |
| 36:34 | Build | Farm |
| 36:35 | Build | Farm |
| 37:19 | Build | Farm |
| 37:20 | Build | Farm |
| 37:20 | Build | Farm |
| 37:20 | Build | Farm |
| 37:28 | Create | Spearman |
| 37:50 | Create | Spearman ×5 |
| 38:24 | Build | Castle |
| 38:32 | Create | Spearman ×4 |
| 38:53 | Create | Villager (Male) |
| 38:56 | Build | Farm |
| 38:57 | Build | Farm |
| 38:57 | Build | Farm |
| 38:57 | Build | Farm |
| 39:16 | Research | Scale Mail Armor |
| 39:28 | Build | Mining Camp |
| 39:36 | Create | Spearman ×3 |
| 40:02 | Create | Villager (Male) ×2 |
Build order — Ghost546
First 150 of 204 actions detected
| 0:03 | Build | House |
| 0:06 | Build | House |
| 0:06 | Create | Villager (Male) |
| 0:06 | Create | Villager (Male) |
| 0:07 | Create | Villager (Male) |
| 0:07 | Create | Villager (Male) |
| 1:49 | Create | Villager (Male) |
| 2:08 | Create | Villager (Male) |
| 2:40 | Create | Villager (Male) |
| 2:42 | Create | Villager (Male) |
| 3:13 | Build | Lumber Camp |
| 3:21 | Create | Villager (Male) |
| 3:22 | Create | Villager (Male) |
| 3:34 | Build | Mill |
| 3:59 | Build | House |
| 4:10 | Create | Villager (Male) |
| 4:32 | Create | Villager (Male) |
| 5:13 | Create | Villager (Male) |
| 5:14 | Create | Villager (Male) |
| 5:30 | Build | House |
| 5:56 | Create | Villager (Male) |
| 6:23 | Create | Villager (Male) |
| 6:43 | Build | Farm |
| 6:44 | Create | Villager (Male) |
| 6:56 | Build | Farm |
| 7:20 | Create | Villager (Male) |
| 7:22 | Build | Farm |
| 7:43 | Create | Villager (Male) |
| 7:53 | Build | Farm |
| 8:22 | Build | Farm |
| 8:23 | Research | Feudal Age |
| 8:34 | Build | House |
| 9:06 | Build | Farm |
| 9:15 | Research | Loom |
| 9:16 | Create | Villager (Male) |
| 9:50 | Build | Barracks |
| 10:33 | Age | Feudal Age |
| 10:45 | Build | Stable |
| 11:00 | Create | Villager (Male) |
| 11:33 | Create | Villager (Male) |
| 11:36 | Create | Scout Cavalry |
| 11:36 | Create | Scout Cavalry |
| 11:47 | Build | Mining Camp |
| 12:01 | Create | Villager (Male) |
| 12:02 | Create | Scout Cavalry |
| 12:15 | Build | House |
| 12:27 | Create | Villager (Male) |
| 12:45 | Build | House |
| 12:49 | Build | Blacksmith |
| 12:50 | Create | Villager (Male) |
| 12:58 | Build | House |
| 13:02 | Create | Scout Cavalry |
| 13:05 | Research | Bloodlines |
| 13:06 | Create | Scout Cavalry |
| 13:21 | Create | Villager (Male) |
| 14:04 | Build | House |
| 14:06 | Research | Forging |
| 14:06 | Research | Scale Barding Armor |
| 14:08 | Create | Villager (Male) |
| 14:08 | Create | Villager (Male) |
| 14:27 | Create | Scout Cavalry |
| 14:28 | Create | Scout Cavalry |
| 14:39 | Build | Farm |
| 14:42 | Build | House |
| 14:44 | Build | Farm |
| 14:48 | Create | Villager (Male) |
| 15:33 | Create | Scout Cavalry |
| 15:34 | Create | Scout Cavalry |
| 15:53 | Create | Villager (Male) |
| 15:56 | Build | Farm |
| 15:56 | Build | Farm |
| 16:25 | Create | Villager (Male) |
| 16:28 | Build | Farm |
| 16:31 | Create | Villager (Male) |
| 16:34 | Build | Farm |
| 16:54 | Build | Farm |
| 16:58 | Create | Villager (Male) |
| 17:22 | Create | Scout Cavalry |
| 17:23 | Create | Scout Cavalry |
| 17:52 | Create | Scout Cavalry |
| 17:53 | Create | Scout Cavalry |
| 18:15 | Build | Farm |
| 18:15 | Build | Farm |
| 18:21 | Create | Villager (Male) |
| 19:03 | Build | Farm |
| 19:05 | Create | Villager (Male) |
| 19:11 | Build | Farm |
| 19:25 | Create | Scout Cavalry |
| 19:31 | Create | Villager (Male) |
| 19:35 | Build | Farm |
| 19:53 | Create | Villager (Male) |
| 20:02 | Build | Market |
| 20:04 | Build | Farm |
| 20:17 | Build | House |
| 20:19 | Build | House |
| 20:30 | Create | Villager (Male) |
| 20:56 | Create | Villager (Male) |
| 21:07 | Build | House |
| 21:10 | Build | House |
| 21:24 | Research | Wheelbarrow |
| 22:59 | Create | Villager (Male) |
| 23:06 | Research | Castle Age |
| 23:22 | Build | Stable |
| 23:24 | Build | Stable |
| 23:44 | Create | Spearman |
| 23:55 | Build | House |
| 24:10 | Create | Spearman |
| 24:14 | Create | Scout Cavalry |
| 24:15 | Create | Scout Cavalry |
| 24:37 | Create | Spearman |
| 25:05 | Build | Stone Wall |
| 25:11 | Build | Farm |
| 25:26 | Create | Spearman |
| 25:36 | Create | Scout Cavalry |
| 25:46 | Create | Villager (Male) |
| 25:48 | Age | Castle Age |
| 25:52 | Create | Villager (Male) |
| 25:55 | Build | Farm |
| 26:02 | Create | Knight |
| 26:06 | Create | Steppe Lancer |
| 26:06 | Create | Steppe Lancer |
| 26:10 | Research | Husbandry |
| 26:33 | Build | House |
| 26:59 | Create | Villager (Male) |
| 26:59 | Create | Villager (Male) |
| 27:01 | Create | Villager (Male) |
| 27:04 | Build | Farm |
| 27:08 | Create | Steppe Lancer |
| 27:08 | Create | Steppe Lancer |
| 27:08 | Create | Steppe Lancer |
| 27:09 | Create | Steppe Lancer |
| 27:09 | Create | Steppe Lancer |
| 27:09 | Create | Steppe Lancer |
| 27:29 | Create | Villager (Male) |
| 27:35 | Create | Villager (Male) |
| 28:23 | Create | Steppe Lancer |
| 28:23 | Create | Steppe Lancer |
| 28:23 | Create | Steppe Lancer |
| 28:24 | Create | Steppe Lancer |
| 28:24 | Create | Steppe Lancer |
| 28:48 | Create | Steppe Lancer |
| 28:49 | Create | Steppe Lancer |
| 29:04 | Create | Villager (Male) |
| 29:11 | Build | Town Center |
| 29:14 | Create | Villager (Male) |
| 29:51 | Create | Villager (Male) |
| 29:52 | Create | Villager (Male) |
| 30:00 | Research | Iron Casting |
| 30:44 | Create | Villager (Male) |
| 30:55 | Create | Villager (Male) |
Match timeline
| 6:30 | Biedersauce · first_building Barracks |
| 6:49 | NTM.W.ALARCON · first_building Barracks |
| 7:21 | Ux'Serenata · first_building Barracks |
| 8:11 | |LS| King-Oblivion · first_building Barracks |
| 8:13 | Jaffeth15 · first_building Barracks |
| 9:50 | Ghost546 · first_building Barracks |
| 9:53 | Ux'Serenata · age_up feudal |
| 9:56 | |LS| King-Oblivion · age_up feudal |
| 9:57 | Ux'Serenata · first_building Stable |
| 9:58 | |LS| King-Oblivion · first_building Stable |
| 10:17 | ntm.KongDiablo · first_building Barracks |
| 10:20 | Jaffeth15 · wall_segment Palisade Wall x5 |
| 10:33 | Ghost546 · age_up feudal |
| 10:42 | NTM.W.ALARCON · age_up feudal |
| 10:45 | Ghost546 · first_building Stable |
| 11:12 | Jaffeth15 · age_up feudal |
| 11:29 | Jaffeth15 · first_building Archery Range |
| 12:04 | ntm.KongDiablo · wall_segment Palisade Wall x3 |
| 12:04 | NTM.W.ALARCON · first_building Archery Range |
| 12:26 | NTM.W.ALARCON · wall_segment Palisade Wall x9 |
| 12:49 | ntm.KongDiablo · age_up feudal |
| 12:52 | ntm.KongDiablo · first_building Archery Range |
| 12:54 | NTM.Spectrum.co · age_up feudal |
| 13:40 | Biedersauce · wall_segment Palisade Wall x9 |
| 13:42 | Biedersauce · wall_segment Palisade Wall x8 |
| 13:49 | Biedersauce · age_up feudal |
| 14:00 | Biedersauce · first_building Archery Range |
| 14:33 | Jaffeth15 · first_market_sell 500 food |
| 14:37 | Jaffeth15 · first_market_buy 100 stone |
| 15:43 | |LS| King-Oblivion · wall_segment Palisade Wall x1 |
| 16:08 | NTM.Spectrum.co · wall_segment Stone Wall x1 |
| 16:23 | Biedersauce · first_building Stable |
| 16:25 | ntm.KongDiablo · wall_segment Palisade Wall x4 |
| 16:37 | NTM.Spectrum.co · age_up castle |
| 17:01 | NTM.Spectrum.co · first_building Castle |
| 17:47 | Biedersauce · age_up castle |
| 18:01 | NTM.W.ALARCON · first_market_buy 100 food |
| 18:04 | NTM.W.ALARCON · first_market_sell 100 wood |
| 18:12 | NTM.Spectrum.co · first_market_buy 100 wood |
| 18:34 | |LS| King-Oblivion · wall_segment Palisade Wall x5 |
| 18:38 | |LS| King-Oblivion · wall_segment Palisade Wall x2 |
| 20:02 | NTM.W.ALARCON · wall_segment Palisade Wall x3 |
| 20:09 | Biedersauce · first_building Castle |
| 20:16 | NTM.Spectrum.co · wall_segment Stone Wall x1 |
| 20:24 | NTM.W.ALARCON · wall_segment Palisade Wall x1 |
| 21:26 | NTM.W.ALARCON · age_up castle |
| 22:05 | NTM.W.ALARCON · first_building Siege Workshop |
| 22:28 | Biedersauce · wall_segment Stone Wall x10 |
| 22:30 | Biedersauce · wall_segment Stone Wall x12 |
| 23:03 | |LS| King-Oblivion · age_up castle |
| 23:37 | Jaffeth15 · first_building Stable |
| 23:41 | NTM.Spectrum.co · first_market_sell 100 wood |
| 24:05 | ntm.KongDiablo · first_market_sell 100 wood |
| 24:06 | ntm.KongDiablo · first_market_buy 100 food |
| 24:07 | Ux'Serenata · first_market_sell 100 food |
| 24:07 | |LS| King-Oblivion · first_market_sell 100 food |
| 24:11 | |LS| King-Oblivion · first_market_buy 100 wood |
| 24:17 | Biedersauce · first_building Siege Workshop |
| 24:23 | NTM.Spectrum.co · wall_segment Stone Wall x1 |
| 24:26 | NTM.Spectrum.co · wall_segment Stone Wall x1 |
| 25:05 | Ghost546 · wall_segment Stone Wall x18 |
| 25:35 | Jaffeth15 · age_up castle |
| 25:48 | Ghost546 · age_up castle |
| 26:17 | Jaffeth15 · first_building Castle |
| 26:49 | Ux'Serenata · age_up castle |
| 27:00 | ntm.KongDiablo · age_up castle |
| 27:09 | ntm.KongDiablo · first_building Monastery |
| 27:38 | Biedersauce · first_building Monastery |
| 27:41 | Ux'Serenata · first_market_buy 100 wood |
| 27:47 | ntm.KongDiablo · wall_segment Stone Wall x6 |
| 28:31 | ntm.KongDiablo · wall_segment Stone Wall x1 |
| 29:07 | Jaffeth15 · first_building Siege Workshop |
| 29:41 | NTM.W.ALARCON · wall_segment Stone Wall x5 |
| 30:00 | Jaffeth15 · wall_segment Stone Wall x6 |
| 30:02 | |LS| King-Oblivion · first_building Monastery |
| 30:10 | Biedersauce · first_market_buy 100 food |
| 30:11 | NTM.W.ALARCON · wall_segment Palisade Wall x1 |
| 30:15 | NTM.W.ALARCON · wall_segment Palisade Wall x1 |
| 31:24 | Ghost546 · wall_segment Stone Wall x7 |
| 32:05 | ntm.KongDiablo · first_building Siege Workshop |
| 32:07 | Ux'Serenata · wall_segment Stone Wall x5 |
| 32:15 | Ux'Serenata · wall_segment Stone Wall x12 |
| 32:16 | Biedersauce · wall_segment Stone Wall x7 |
| 32:27 | NTM.Spectrum.co · first_building Barracks |
| 33:02 | Biedersauce · age_up imperial |
| 33:15 | ntm.KongDiablo · age_up imperial |
| 33:24 | Biedersauce · wall_segment Stone Wall x7 |
| 33:26 | Biedersauce · wall_segment Stone Wall x7 |
| 33:29 | Ux'Serenata · wall_segment Stone Wall x7 |
| 36:19 | Ux'Serenata · first_building Monastery |
| 36:21 | |LS| King-Oblivion · first_building Castle |
| 37:07 | NTM.W.ALARCON · first_building Castle |
| 38:00 | Ux'Serenata · wall_segment Palisade Wall x1 |
| 38:02 | Ux'Serenata · wall_segment Palisade Wall x3 |
| 38:06 | |LS| King-Oblivion · age_up imperial |
| 38:17 | NTM.W.ALARCON · resign |
| 38:42 | |LS| King-Oblivion · first_building Siege Workshop |
[ AI ANALYSIS · 1 CREDIT ]
What really happened in this match?
Wolo.gg analyzes every decision: build order, eco, micro, common mistakes by bracket. Personalized analysis on WhatsApp or Discord in 30 seconds.
Civ guide
Persians
Map guide
Socotra
Perfil
Jugador #3920195